 Dungeon Crawl Stone Soup version 0.21.1-1-g345015f (webtiles) character file.

508 reaper779 the Firebug (level 6, 0/32 HPs)
             Began as a Deep Elf Fire Elementalist on Feb 6, 2018.
             Was an Initiate of Vehumet.
             Slain by a gnoll sergeant zombie
             ... wielding a +1 spear of venom
              (8 damage)
             ... on level 4 of the Dungeon.
             The game lasted 00:12:38 (3785 turns).

reaper779 the Firebug (Deep Elf Fire Elementalist)  Turns: 3785, Time: 00:12:39

Health: 0/32       AC:  3    Str:  5    XL:     6   Next: 98%
Magic:  12/15      EV: 14    Int: 22    God:    Vehumet [......]
Gold:   134        SH:  0    Dex: 15    Spells: 4/15 levels left

rFire    . . .     SeeInvis .   o - +1 dagger
rCold    . . .     Gourm    .   (no shield)
rNeg     . . .     Faith    .   a - +1 robe
rPois    .         Spirit   .   (no helmet)
rElec    .         Reflect  .   x - scarf {cloud immunity}
rCorr    .         Harm     .   (no gloves)
MR       .....                  (no boots)
Stlth    ++........             (no amulet)
HPRegen  0.10/turn              (no ring)
MPRegen  0.14/turn              (no ring)

@: lethally poisoned (0 -> -27)
A: no striking features
a: Renounce Religion


You were on level 4 of the Dungeon.
You worshipped Vehumet.
Vehumet was noncommittal.
You were not hungry.

You visited 1 branch of the dungeon, and saw 4 of its levels.

You collected 134 gold pieces.

Inventory:

Hand Weapons
 g - a +1 blowgun
 o - a +1 dagger (weapon)
Missiles
 t - 10 poisoned needles
Armour
 a - a +1 robe (worn)
 f - a cursed +0 leather armour
 v - a +2 cloak
 x - a scarf of cloud immunity (worn)
Jewellery
 j - an uncursed ring of flight {unknown}
 k - a +3 ring of slaying {unknown}
Wands
 l - a wand of digging (12)
 u - a wand of polymorph (15)
Scrolls
 d - 3 scrolls of amnesia
 h - a scroll of noise {unknown}
 n - 4 scrolls of teleportation
 s - 2 scrolls of enchant armour
Potions
 e - 2 potions of heal wounds
 i - a potion of brilliance {unknown}
 m - a potion of mutation {unknown}
 p - 2 potions of curing
 q - 2 potions of might {unknown}
 r - a potion of invisibility {unknown}
 z - a potion of resistance
Books
 b - a book of Flames

   Spells                             Type                      Level
   a - Flame Tongue                   Conjuration/Fire             1
   b - Throw Flame                    Conjuration/Fire             2
   c - Conjure Flame                  Conjuration/Fire             3
   d - Inner Flame                    Hexes/Fire                   3
   e - Sticky Flame                   Conjuration/Fire             4
   f - Fireball                       Conjuration/Fire             5
Comestibles
 c - 4 rations
 w - a chunk of flesh


   Skills:
 + Level 3.5 Dodging
 - Level 2.4 Stealth
 - Level 5.1 Spellcasting
 * Level 5.3 Conjurations
 - Level 5.3 Fire Magic


You had 4 spell levels left.
You knew the following spells:

 Your Spells              Type           Power        Failure   Level  Hunger
a - Flame Tongue          Conj/Fire      ####.        1%          1    None
b - Conjure Flame         Conj/Fire      ####....     3%          3    ##.....
c - Inner Flame           Hex/Fire       ###.....     10%         3    ##.....
d - Sticky Flame          Conj/Fire      ####....     11%         4    ####...


Dungeon Overview and Level Annotations

Branches:
Dungeon (4/15)
 Temple: D:4-7

Altars:
Fedhas
Makhleb
Qazlal
Vehumet
Wu Jian
Yredelemnul
The Shining One

Annotations:
D:3 jujuben's ghost, amateur HaHu
D:4 1 transporter


Message History

You are poisoned.
You feel sick.
The orc warrior zombie burns!
You feel sick.
The orc warrior zombie burns!
There is a transporter landing site here.
The orc warrior zombie burns!
You feel sick.
The orc warrior zombie burns!
You feel sick.
The orc warrior zombie burns!
The gnoll sergeant zombie hits you from afar with a spear of venom!
You are lethally poisoned!
You feel sick.
The orc warrior zombie burns!
You feel sick.
The orc warrior zombie burns!
You destroy the orc warrior zombie!
Vehumet accepts your kill.
The gnoll sergeant zombie hits you from afar with a spear of venom.
* * * LOW HITPOINT WARNING * * *
You are more poisoned.
* * * LOW HITPOINT WARNING * * *
You feel sick.
The gnoll sergeant zombie hits you with a spear of venom!
You die...

........##############.#########
###......#§§§[©$§§§###.........#
###...#..#§§§$)$.§§#...........#
.##...####§§§....§§###.........#
......# #§§§§§§§§§# #.....)...#
.#.##.####§.§§§§§.§# #.........#
##.##.##.####'§§######.........#
...#####.##§§(..§§#.###..#######
#### ##..##§§#.#@§#...#...#######
### ##..###§§.ZZ§§#......[.......
..# #).## #§§#©#§§#..............
..###.## #§§§§§§§#..(..........)
....÷.#####§§§§§§§#...........[..
..........#########..............
...#######.#..©.# #######........
.### #.......# #........ ##
#....#....## #........


You could see 2 gnoll sergeant zombies.

Vanquished Creatures
  An ogre (D:4)
  A scorpion (D:4)
  A howler monkey (D:4)
  A hound (D:4)
  A centaur skeleton (D:4)
  A bullfrog skeleton (D:4)
  Jessica (D:2)
  Crazy Yiuf (D:2)
  A worker ant (D:4)
  2 orc wizards (D:3)
  A howler monkey skeleton (D:3)
  An orc zombie (D:4)
  6 adders
  2 worms
  A dart slug (D:3)
  3 orcs (D:3)
  A ball python (D:4)
  4 giant cockroaches
  2 hobgoblins
  3 jackals (D:4)
  3 kobolds
  2 quokkas (D:4)
  3 bats
  3 frilled lizards
  4 goblins
  7 rats
57 creatures vanquished.

Notes
Turn   | Place    | Note
-------+----------+-------------------------------------------
     0 | D:1      | reaper779 the Deep Elf Fire Elementalist began the quest for the Orb.
     0 | D:1      | Reached XP level 1. HP: 10/10 MP: 6/6
   592 | D:1      | Reached XP level 2. HP: 15/15 MP: 7/9
   742 | D:2      | Found a runed door.
   839 | D:2      | Noticed Jessica
   864 | D:2      | Killed Jessica
   864 | D:2      | Reached skill level 5 in Spellcasting
   864 | D:2      | Reached XP level 3. HP: 19/19 MP: 6/11
   909 | D:2      | Learned a level 3 spell: Conjure Flame
   913 | D:2      | Learned a level 3 spell: Inner Flame
  1350 | D:3      | Found a glowing golden altar of the Shining One.
  1423 | D:3      | Noticed jujuben's ghost (amateur HaHu)
  1807 | D:3      | Reached XP level 4. HP: 24/24 MP: 11/13
  1820 | D:3      | Learned a level 4 spell: Sticky Flame
  1969 | D:3      | Found a stormy altar of Qazlal.
  2132 | D:3      | Found a basalt altar of Yredelemnul.
  2134 | D:3      | Found an ornate altar of the Wu Jian Council.
  2319 | D:3      | Reached XP level 5. HP: 26/28 MP: 3/14
  2598 | D:2      | Noticed Crazy Yiuf
  2602 | D:2      | Killed Crazy Yiuf
  2677 | D:4      | Found a radiant altar of Vehumet.
  2700 | D:4      | Found a burning altar of Makhleb.
  2705 | D:4      | Became a worshipper of Vehumet
  2817 | D:4      | Noticed an ogre
  2825 | D:4      | Killed an ogre
  2825 | D:4      | Reached skill level 5 in Fire Magic
  2825 | D:4      | Reached XP level 6. HP: 30/32 MP: 9/15
  2958 | D:4      | Found a blossoming altar of Fedhas.
  3293 | D:4      | Found a transporter.
  3303 | D:4      | Reached skill level 5 in Conjurations
  3761 | D:4      | Found a transporter.
  3785 | D:4      | Slain by a gnoll sergeant zombie

Skill      XL: |  1  2  3  4  5  6 |
---------------+-------------------+-----
Spellcasting   | 4 5 |  5.1
Conjurations   | 2 4 5 |  5.3
Fire Magic     | 4 5 |  5.3
Dodging        | 3 |  3.5
Stealth        | |  2.4

Action                   |  1- 3 |  4- 6 || total
-------------------------+-------+-------++-------
Melee: Dagger            |     4 |    20 ||    24
 Cast: Flame Tongue      |    42 |    58 ||   100
       Inner Flame       |       |     2 ||     2
       Conjure Flame     |       |     1 ||     1
       Sticky Flame      |       |     5 ||     5
  Use: Scroll            |     9 |     4 ||    13
       Potion            |     1 |       ||     1
 Stab: Sleeping          |       |     4 ||     4
  Eat: Chunk             |     1 |     2 ||     3
       Ration            |     1 |     1 ||     2
Armor: Robe              |     6 |     6 ||    12
Dodge: Dodged            |    10 |    22 ||    32
